 Dungeon Crawl Stone Soup version 0.25-a0-166-g16436c4407 (console) character file.

Game seed: 6307352366857567018, levelgen mode: deterministic

1555 Kagalorn the Frost Mage (level 8, -1/67 HPs)
             Began as a Green Draconian Ice Elementalist on Nov 23, 2019.
             Was a Follower of Ashenzari.
             Slain by an ice beast (4 damage)
             ... on level 7 of the Dungeon.
             The game lasted 00:18:46 (6303 turns).

Kagalorn the Frost Mage (DrIE)                      Turns: 6303, Time: 00:18:47

Health: -1/67      AC:  6    Str: 11    XL:     8   Next: 58%
Magic:  17/24      EV: 12    Int: 17    God:    Ashenzari [*.....]
Gold:   442        SH:  0    Dex: 12    Spells: 12/17 levels left

rFire    . . .     SeeInvis .   c - +0 dagger
rCold    . . .     Gourm    .   (no shield)
rNeg     . . .     Faith    .   (armour unavailable)
rPois    +         Spirit   .   (helmet restricted)
rElec    .         Reflect  .   (no cloak)
rCorr    .         Harm     .   (no gloves)
MR       +....                  (no boots)
Stlth    ++........             f - amulet of magic regeneration (curse)
HPRegen  0.21/turn              y - ring of magical power (curse)
MPRegen  0.44/turn              t - ring of protection from magic

@: no status effects
A: breathe noxious fumes, unfitting armour, poison resistance, cold-blooded, AC
+6
a: Breathe Noxious Fumes, Curse Item, Scrying, Renounce Religion


You were on level 7 of the Dungeon.
You worshipped Ashenzari.
Ashenzari was aware of your devotion.
You were not hungry.

You visited 2 branches of the dungeon, and saw 8 of its levels.

You collected 442 gold pieces.

Inventory:

Hand Weapons
 c - a +0 dagger (weapon)
 C - a +0 hand crossbow
Missiles
 h - 35 poisoned darts (quivered)
 j - 181 stones
 m - 16 bolts
Armour
 w - a +0 shield
Jewellery
 f - a cursed amulet of magic regeneration (around neck)
 r - an uncursed amulet of rage
 t - a ring of protection from magic (right hand)
 y - a cursed ring of magical power (left hand)
 z - the ring "Qory" {+Blink rElec rC+ Int-4 SInv}
   (You found it on level 5 of the Dungeon)

   [ring of protection from cold]

   It affects your intelligence (-4).
   It protects you from cold.
   It insulates you from electricity.
   It lets you see invisible.
   It lets you blink.
Wands
 s - a wand of flame (11)
Scrolls
 e - 6 scrolls of teleportation {unknown}
 g - a scroll of remove curse
 o - 6 scrolls of identify {unknown}
 p - a scroll of random uselessness {unknown}
 q - 2 scrolls of fog {unknown}
 v - a scroll of amnesia {unknown}
 A - a scroll of magic mapping {unknown}
 B - a scroll of noise {unknown}
 D - a scroll of brand weapon {unknown}
Potions
 a - 3 potions of haste {unknown}
 d - 3 potions of degeneration {unknown}
 i - a potion of magic {unknown}
 k - 6 potions of curing {unknown}
 l - 3 potions of heal wounds {unknown}
 n - a potion of mutation {unknown}
 u - a potion of flight {unknown}
 x - a potion of ambrosia {unknown}
 E - a potion of might {unknown}
 F - a potion of lignification {unknown}
Comestibles
 b - 11 rations


   Skills:
 * Level 4.7 Fighting
 - Level 1.7 Dodging
 - Level 2.0 Stealth
 - Level 5.0 Spellcasting
   Level 1.0 Conjurations
 * Level 3.2 Summonings
 - Level 8.1 Ice Magic


You had 12 spell levels left.
You knew the following spells:

 Your Spells              Type           Power        Failure   Level  Hunger
a - Freeze                Ice            ####         1%          1    None
b - Summon Ice Beast      Ice/Summ       ###.....     14%         4    ####...

Your spell library contained the following spells:

 Spells                   Type           Power        Failure   Level  Hunger
 Throw Frost              Conj/Ice       ###...       3%          2    #......
 Ozocubu's Armour         Chrm/Ice       ###.....     8%          3    ###....
 Throw Icicle             Conj/Ice       ###.....     22%         4    ####...


Dungeon Overview and Level Annotations

Branches:
Dungeon (7/15)             Temple (1/1) D:5

Altars:
Ashenzari
Cheibriados
Dithmenos
Elyvilon
Fedhas
Gozag
Hepliaklqana
Kikubaaqudgha
Makhleb
Nemelex Xobeh
Qazlal
Ru
Trog
Uskayaw
Vehumet
Wu Jian
Xom
Yredelemnul
The Shining One

Shops:
D:6 ?

Annotations:
D:4 Grinder
D:7 Joseph


Innate Abilities, Weirdness & Mutations

You can breathe blasts of noxious fumes.
Your lurid green scales are hard. (AC +6)
You cannot fit into any form of body armour.
Your system is resistant to poisons. (rPois)
You are cold-blooded and may be slowed by cold attacks.


Message History

Your ice beast dies!
Casting: Freeze (safe; 1% risk of failure)
Confirm with . or Enter, or press ? or * to list all spells.
A chill wind blows around you.
A sling bullet appears from out of your range of vision.
The sling bullet hits your ice beast. The ice beast hits you.
* * * LOW HITPOINT WARNING * * *
The ice beast freezes you!
* * * LOW HITPOINT WARNING * * *
Your ice beast hits the ice beast but does no damage.
You swap places.
Joseph, a Mercenary comes into view.
He is wielding the +0 hunting sling "Orhugiv" {venom, rC++}.
Joseph hits something with the cursed +0 hunting sling "Orhugiv" {venom, rC++}.
The ice beast hits you but does no damage.
Something hits the bush but does no damage.
Your ice beast closely misses the ice beast.
Found an uncursed hunting sling.
You see here a sling bullet.
The ice beast hits you.
You die...

.... #...# #####..# >...
#...# #......# ....#
#...## #......# ...#
#....### #......# ...
#......#####..#.#
#.###...##....##..#..
######..###.######.##..#..
........)))...............
#######YY@....######...#..
##((....# ##[.#....
#....#.# #......#.
.#.#.#...##......#.
..#.................
PP.###............... @PP.
..........(.... .P P.
##....#.>....... P) P.
...............


You could see Joseph, an ice beast and a friendly ice beast.

Vanquished Creatures
  Prince Ribbit (D:6)
  A centaur (D:7)
  2 ogres (D:7)
  A bullfrog (D:7)
  A scorpion (D:4)
  5 crimson imps
  3 hounds (D:5)
  4 orc priests
  A jelly (D:7)
  4 orc wizards
  A centaur skeleton (D:5)
  5 worker ants
  A worker ant zombie (D:5)
  4 gnolls (D:3)
  3 adders
  A shadow imp (D:6)
  2 oozes
  A worm (D:2)
  2 dart slugs (D:2)
  7 leopard geckos
  14 orcs
  A ball python (D:6)
  4 bats
  3 giant cockroaches
  11 goblins
  3 hobgoblins
  4 jackals
  2 kobolds (D:3)
  2 quokkas
  5 frilled lizards
  A jackal skeleton (D:7)
  9 rats
109 creatures vanquished.

Vanquished Creatures (collateral kills)
  A hippogriff (D:6)
  An ice beast (D:5)
  A centaur zombie (D:7)
  A hound skeleton (D:7)
  An ooze (D:6)
5 creatures vanquished.

Vanquished Creatures (others)
  A quokka (D:3)
1 creature vanquished.

Grand Total: 115 creatures vanquished

Notes
Turn   | Place    | Note
-------+----------+-------------------------------------------
     0 | D:1      | Kagalorn the Draconian Ice Elementalist began the quest for
                  | the Orb.
     0 | D:1      | Reached XP level 1. HP: 14/14 MP: 3/3
   354 | D:1      | Reached XP level 2. HP: 14/20 MP: 5/5
   944 | D:2      | Reached XP level 3. HP: 27/27 MP: 6/6
  1237 | D:2      | Found a stormy altar of Qazlal.
  1307 | D:2      | Reached skill level 1 in Fighting
  1307 | D:2      | Reached skill level 4 in Ice Magic
  1307 | D:2      | Reached XP level 4. HP: 26/35 MP: 1/8
  1679 | D:2      | Found a glowing golden altar of the Shining One.
  2654 | D:3      | Reached XP level 5. HP: 20/40 MP: 0/9
  2756 | D:3      | Found a white marble altar of Elyvilon.
  3050 | D:3      | Found a burning altar of Makhleb.
  3050 | D:3      | Noticed a balrug
  3224 | D:4      | Reached skill level 5 in Ice Magic
  3236 | D:4      | Noticed Grinder
  3260 | D:4      | Reached XP level 6. HP: 28/48 MP: 8/12
  3536 | D:5      | Entered Level 5 of the Dungeon
  3663 | D:5      | Learned a level 4 spell: Summon Ice Beast
  3675 | D:5      | Found a shadowy altar of Dithmenos.
  4069 | D:5      | Found a staircase to the Ecumenical Temple.
  4095 | Temple   | Entered the Ecumenical Temple
  4136 | Temple   | Became a worshipper of Ashenzari the Shackled
  4286 | D:5      | Your scales start taking on a lurid green colour.
  4286 | D:5      | Reached XP level 7. HP: 56/56 MP: 11/14
  4286 | D:5      | Gained mutation: Your system is resistant to poisons.
                  | (rPois) [Green Draconian growth]
  4515 | D:5      | Reached skill level 5 in Spellcasting
  4515 | D:5      | Reached skill level 1 in Summonings
  4699 | D:5      | Identified the ring "Qory" {+Blink rElec rC+ Int-4 SInv}
  4852 | D:6      | Found Louluonti's Magic Scroll Boutique.
  4854 | D:6      | Noticed a hippogriff
  4879 | D:6      | Killed a hippogriff
  4879 | D:6      | Reached skill level 6 in Ice Magic
  5257 | D:6      | Found a basalt altar of Yredelemnul.
  5400 | D:6      | Noticed Prince Ribbit
  5409 | D:6      | Killed Prince Ribbit
  5409 | D:6      | Reached skill level 7 in Ice Magic
  5421 | D:6      | Reached XP level 8. HP: 46/63 MP: 15/15
  5891 | D:7      | Reached skill level 8 in Ice Magic
  6222 | D:7      | Reached * piety under Ashenzari
  6264 | D:7      | Found a blossoming altar of Fedhas.
  6300 | D:7      | HP: 2/67 [ice beast (8)]
  6302 | D:7      | Identified the cursed +0 hunting sling "Orhugiv" {venom,
                  | rC++}
  6302 | D:7      | Noticed Joseph
  6303 | D:7      | Slain by an ice beast

Levels and vault maps discovered:
D:1:      wheals_arrival_linesprint, layout_basic, minmay_3d_cube
D:2:      kennysheep_big_flooded_room, layout_basic,
          nicolae_tso_swordbearing_angel, lemuel_crystal_altar
D:3:      layout_basic, makhleb_altar_promises_db, elyvilon_altar_4,
          serial_corexii_hall, chequers_hall_statues_wall_a,
          chequers_hall_statues_wall_a, chequers_hall_statues_y,
          chequers_serial_rivers_micro_a, guppyfry_early_lair_pool
D:4:      layout_cave_pods, lemuel_crystal_altar, uniq_grinder
D:5:      layout_loops_corners, minmay_temple_entry_water_ring, first_ration,
          basic_altar
D:6:      layout_rooms, old_standard_altar, serial_shops, shop,
          uniq_prince_ribbit1
D:7:      layout_rooms, the_bakery, grunt_decor_fettered, amethyst_killhole,
          fedhas_bush_and_centaur_altar, uniq_joseph
Temple:   nicolae_temple_god_jail

Skill      XL: |  1  2  3  4  5  6  7  8 |
---------------+-------------------------+-----
Stealth        | 2 |  2.0
Fighting       | 1 2 3 4 |  4.7
Ice Magic      | 4 5 7 8 |  8.1
Spellcasting   | 3 4 5 |  5.0
Summonings     | 1 3 |  3.2
Dodging        | |  1.7
Conjurations   | |  1.0

Action                   |  1- 3 |  4- 6 |  7- 9 || total
-------------------------+-------+-------+-------++-------
Melee: Dagger            |    43 |    80 |    44 ||   167
       Tailslap          |     6 |     9 |     1 ||    16
Throw: Dart              |       |     2 |     5 ||     7
 Cast: Freeze            |    27 |    95 |    70 ||   192
       Summon Ice Beast  |       |       |     6 ||     6
Invok: Curse Item        |       |       |     2 ||     2
 Stab: Sleeping          |     2 |     3 |     1 ||     6
       Distracted        |       |       |     2 ||     2
  Eat: Chunk             |     1 |     9 |     5 ||    15
       Ration            |       |       |     1 ||     1
Armor: Skin              |    10 |    40 |    39 ||    89
Dodge: Dodged            |    48 |    83 |    69 ||   200

Table legend:
 A = Non-vault XP
 B = Vault XP
 C = Vault XP percentage of total XP
 D = Non-vault monster count
 E = Vault monster count
 F = Vault count percentage of total count
                 A         B        C        D         E       F
            +---------+---------+-------+---------+---------+-------
      Total |    2013 |     209 |   9.4 |     109 |       5 |   4.4
            +---------+---------+-------+---------+---------+-------
        D:1 |      36 |       3 |   7.7 |      15 |       2 |  11.8
        D:2 |      90 |       6 |   6.2 |      21 |       2 |   8.7
        D:3 |     154 |       0 |   0.0 |      24 |       0 |   0.0
        D:4 |     161 |       0 |   0.0 |       6 |       0 |   0.0
        D:5 |     468 |       0 |   0.0 |      15 |       0 |   0.0
        D:6 |     352 |     200 |  36.2 |      12 |       1 |   7.7
        D:7 |     752 |       0 |   0.0 |      16 |       0 |   0.0
            +---------+---------+-------+---------+---------+-------
